Map: Sludge City

Players

CAONIMA - Winner!

  • Race: Zerg Zerg
  • Spawn Location: 5:00

Grumm - Winner!

  • Race: Terran Terran
  • League: Gold
  • Spawn Location: 5:00

A.I. 2 (Easy)

  • Race: Zerg Zerg
  • Spawn Location: 11:00

A.I. 3 (Easy)

  • Race: Terran Terran
  • Spawn Location: 9:00

VOD

Have the link to the VOD?

Description

Time

  • Played on: Jan. 15, 2016, 4:31 p.m.
  • Length: 13:45
Show
View Real Time Build Order
Export as new Build Order

CAONIMA Zerg - Winner!

Build Orders: Hatch First 

Get SALT Encoding   

  12  0:03  Drone  
  13  0:20  Drone  
  14  0:24  Overlord  
  14  0:36  Extractor  
  13  0:43  Drone x2  
  13  0:44  Drone  
  16  0:55  Drone  
  17  1:08  Hatchery  
  16  1:12  Drone  
  16  1:18  Drone  
  18  1:26  Spawning Pool  
  18  1:28  Drone  
  18  1:39  Drone  
  19  1:52  Drone  
  20  2:00  Drone  
  21  2:07  Extractor  
  20  2:12  Queen  
  22  2:16  Overlord  
  22  2:29  Drone  
  23  2:37  Zergling x2  
  23  2:38  Zergling x2  
  23  2:42  Evolution Chamber  
  24  2:46  Drone, Evolution Chamber  
  24  2:48  Queen  
  26  2:52  Drone  
  27  3:03  Drone x2  
  29  3:12  Zerg Melee Weapons Level 1  
  29  3:14  Zerg Ground Armor Level 1  
  29  3:16  Zergling x2, Metabolic Boost  
  30  3:33  Zergling x2  
  31  3:38  Queen  
  31  3:41  Drone x3  
  34  3:42  Overlord  
  36  4:00  Overlord  
  36  4:10  Roach Warren  
  36  4:11  Drone  
  36  4:12  Drone x2  
  38  4:17  Overlord  
  38  4:18  Drone  
  39  4:40  Drone  
  39  4:41  Drone  
  41  4:47  Lair  
  43  4:53  Roach  
  43  4:57  Roach x4  
  51  5:15  Overlord  
  51  5:27  Drone x2  
  53  5:32  Hatchery  
  53  5:34  Overlord  
  53  5:35  Overlord x2  
  52  5:38  Extractor  
  52  5:41  Pneumatized Carapace  
  51  5:56  Zergling x2  
  51  5:57  Zergling x2  
  53  6:09  Spine Crawler  
  49  6:24  Zergling x2, Roach  
  49  6:25  Roach  
  54  6:28  Zerg Melee Weapons Level 2  
  54  6:29  Zerg Ground Armor Level 2  
  54  6:37  Spire  
  53  6:43  Zergling x2  
  53  6:46  Zergling x6  
  57  6:53  Drone  
  58  7:03  Drone  
  58  7:08  Drone x5  
  64  7:17  Hatchery  
  64  7:22  Hydralisk Den  
  62  7:24  Zergling x2  
  63  7:54  Drone x2  
  63  7:55  Drone  
  66  7:59  Spine Crawler  
  66  8:00  Spine Crawler  
  66  8:03  Extractor  
  66  8:04  Extractor  
  66  8:05  Drone x3  
  63  8:06  Drone x3  
  63  8:09  Queen  
  63  8:12  Queen  
  72  8:27  Extractor  
  72  8:29  Drone x2  
  72  8:30  Drone, Overlord x2  
  72  8:31  Roach  
  72  8:32  Roach  
  78  8:46  Hatchery  
  77  8:51  Roach x4  
  77  8:52  Roach  
  87  8:58  Zerg Missile Weapons Level 1  
  87  9:10  Muscular Augments  
  87  9:20  Infestation Pit  
  86  9:26  Drone x2  
  86  9:27  Drone x2  
  90  9:34  Overlord  
  90  9:38  Hydralisk x5  
  90  9:39  Hydralisk x4  
  90  9:44  Zergling x4  
  110  10:04  Roach x4  
  110  10:05  Roach x4  
  122  10:27  Baneling Nest  
  121  10:55  Drone x2  
  123  10:58  Extractor  
  122  11:17  Overseer  
  122  11:23  Hive  
  122  11:24  Drone  
  122  11:25  Drone x2  
  125  11:28  Zergling x4  
  125  11:31  Hydralisk x3  
  133  11:34  Overlord x4  
  133  11:36  Zerg Flyer Weapons Level 1  
  133  11:37  Lurker Den  
  133  11:39  Glial Reconstitution  
  133  11:41  Pathogen Glands  
  133  11:56  Hatchery  
  132  12:14  Mutalisk x2  
  132  12:15  Mutalisk x4  
  140  12:17  Zergling x12  
  140  12:18  Zergling x6  
  153  12:37  Zergling x10  
  158  13:17  Overlord  
  158  13:18  Hydralisk x4, Roach x2  
  170  13:20  Overlord x3  
  170  13:29  Drone  
Show
View Real Time Build Order
Export as new Build Order

Grumm Terran - Winner!

Build Orders:  

Get SALT Encoding   

  12  0:01  SCV  
  13  0:13  SCV  
  14  0:25  Supply Depot  
  14  0:26  SCV  
  15  0:42  Refinery  
  15  0:47  SCV  
  15  0:49  Barracks  
  16  0:59  SCV  
  16  1:01  Refinery  
  17  1:11  SCV  
  18  1:23  SCV  
  19  1:38  Supply Depot  
  19  1:40  Orbital Command, Engineering Bay  
  19  1:44  Reaper  
  20  2:12  Sensor Tower  
  20  2:18  Bunker  
  20  2:24  Barracks Tech Lab  
  20  2:27  SCV  
  21  2:43  SCV  
  22  2:57  SCV  
  22  3:03  Command Center  
  22  3:07  Marine  
  22  3:09  Concussive Shells  
  23  3:16  Barracks  
  23  3:23  Factory  
  23  3:26  SCV  
  24  3:33  Marauder  
  26  3:37  Terran Infantry Weapons Level 1  
  27  3:41  SCV  
  27  3:52  Supply Depot  
  27  3:53  SCV  
  28  3:57  Marine  
  29  4:04  Marine  
  29  4:08  Factory Reactor  
  30  4:18  Starport  
  30  4:27  SCV  
  31  4:31  Refinery  
  31  4:34  SCV  
  32  4:40  SCV  
  33  4:47  Orbital Command  
  33  4:54  Refinery  
  33  4:58  SCV  
  34  5:10  SCV  
  34  5:13  SCV  
  36  5:22  SCV  
  36  5:25  SCV  
  36  5:26  Marine  
  36  5:27  Marine  
  40  5:32  Starport  
  40  5:36  Liberator  
  40  5:37  Terran Infantry Armor Level 1  
  40  5:43  Ghost Academy, Factory Tech Lab  
  40  5:48  Marauder, Marine  
  46  6:05  SCV x2  
  48  6:17  Medivac, SCV x2  
  52  6:24  Supply Depot  
  52  6:28  Liberator  
  52  6:31  SCV x2  
  54  6:43  Supply Depot  
  54  6:45  Siege Tank, SCV x2  
  62  6:47  Supply Depot  
  62  6:54  Supply Depot  
  62  7:01  Barracks Reactor  
  62  7:02  Starport Reactor  
  62  7:05  Medivac, Supply Depot, SCV x2  
  62  7:06  Supply Depot  
  66  7:15  Command Center  
  66  7:17  SCV  
  66  7:18  Supply Depot, SCV  
  68  7:29  Supply Depot  
  68  7:33  Liberator x2  
  68  7:34  Liberator x2  
  68  7:44  SCV x2  
  76  7:52  Supply Depot  
  76  7:53  Ghost  
  76  7:55  Marine x2  
  86  8:00  Supply Depot  
  86  8:06  Siege Tank  
  89  8:13  Marine x2  
  89  8:16  Armory  
  89  8:19  Armory  
  91  8:22  Ghost  
  93  8:34  Command Center  
  93  9:28  Nuke  
  93  9:35  Ghost Academy  
  93  9:44  Liberator x2  
  93  9:50  SCV x2  
  95  9:54  Supply Depot  
  95  9:59  Medivac x2, Refinery  
  99  10:00  Refinery  
  105  10:09  Marine x3  
  105  10:11  Combat Shields  
  108  10:17  Supply Depot  
  108  10:27  Marine  
  109  10:35  Terran Infantry Weapons Level 2  
  109  10:38  Terran Vehicle Weapons Level 1  
  109  10:39  Supply Depot, Terran Ship Weapons Level 1  
  109  10:44  Supply Depot  
  109  10:45  Supply Depot  
  109  10:48  Nuke  
  109  10:49  Personal Cloaking  
  109  11:08  Supply Depot x2  
  108  11:32  Supply Depot  
  108  11:33  Supply Depot  
Show
View Real Time Build Order
Export as new Build Order

A.I. 2 (Easy) Zerg 

Build Orders: Pool First 

Get SALT Encoding   

  12  0:01  Drone  
  13  0:13  Overlord  
  13  0:18  Drone  
  14  0:31  Drone  
  14  0:35  Drone  
  16  0:42  Spawning Pool  
  16  0:46  Drone  
  16  0:49  Extractor  
  15  0:51  Drone  
  16  0:59  Overlord  
  16  1:31  Zergling x2  
  16  1:32  Queen  
  19  1:33  Roach Warren  
  19  1:35  Extractor  
  19  1:37  Drone  
  18  1:42  Drone  
  18  1:44  Zergling x2  
  20  1:55  Drone  
  21  2:06  Overlord  
  21  2:14  Drone  
  22  2:25  Drone  
  23  2:36  Drone  
  24  2:39  Roach  
  24  2:40  Drone  
  27  2:44  Drone  
  28  3:02  Ravager, Roach  
  31  4:33  Zergling x2  
  31  5:24  Drone, Lair, Overlord, Roach  
  34  5:28  Drone  
  34  5:34  Drone, Hatchery  
  35  5:43  Drone, Overlord, Roach  
  35  5:47  Drone  
  39  6:02  Roach  
  34  6:20  Zergling x2  
  34  6:22  Overseer  
  34  6:23  Hydralisk Den  
  34  6:24  Drone  
  34  6:25  Overseer  
  35  6:39  Roach  
  38  6:47  Drone  
  38  6:51  Drone  
  39  6:55  Drone, Extractor  
  39  6:57  Hydralisk  
  39  6:59  Extractor  
  39  7:00  Drone  
  41  7:04  Drone  
  43  7:08  Drone  
  43  7:12  Drone  
  44  7:15  Hydralisk  
  44  7:17  Drone  
  44  7:21  Drone  
  48  7:25  Drone  
  49  7:30  Drone  
  49  7:34  Drone  
  51  7:38  Drone  
  51  7:43  Drone  
  53  7:44  Overlord  
  53  7:47  Drone  
  54  7:51  Drone  
  54  7:56  Drone  
  56  8:00  Drone  
  56  8:04  Drone  
  58  8:09  Drone  
  59  8:13  Drone  
  59  8:14  Overlord  
  59  8:17  Drone  
  61  8:21  Drone  
  61  8:26  Drone  
  63  8:30  Drone  
  64  8:34  Drone  
  65  10:03  Pneumatized Carapace  
  65  10:04  Hydralisk, Overseer, Overlord  
  65  10:05  Evolution Chamber  
  65  10:16  Zergling x2  
  56  10:28  Hydralisk  
  56  10:30  Zerg Missile Weapons Level 1  
  56  10:34  Hatchery  
  57  10:36  Overlord  
  57  10:40  Hydralisk  
  59  11:03  Roach  
  59  11:07  Overlord  
  59  11:19  Overseer  
  59  11:20  Zergling x2  
  55  11:31  Hydralisk  
  53  11:41  Overlord  
  53  11:44  Hydralisk  
  54  11:47  Drone  
  54  11:52  Drone  
  51  11:56  Drone, Hydralisk  
  51  11:58  Extractor  
  51  12:00  Drone  
  49  12:02  Overseer  
  49  12:04  Extractor  
  49  12:05  Drone  
  34  12:10  Drone  
  34  12:11  Zergling x2  
  34  12:14  Drone  
  29  12:19  Drone  
  30  12:23  Drone  
  30  12:26  Queen  
  34  12:36  Drone  
  31  12:40  Drone  
  29  12:45  Drone  
  31  12:52  Overlord  
  31  12:57  Zergling x2  
  21  13:11  Overlord  
  17  13:30  Drone  
Show
View Real Time Build Order
Export as new Build Order

A.I. 3 (Easy) Terran 

Build Orders:  

Get SALT Encoding   

  12  0:01  SCV  
  13  0:13  SCV  
  14  0:19  Supply Depot  
  14  0:25  SCV  
  15  0:40  SCV  
  15  0:42  Barracks  
  16  0:46  Refinery  
  16  1:10  Supply Depot  
  16  1:20  Refinery  
  16  1:29  Marine  
  16  1:32  Orbital Command  
  17  1:55  Marine  
  18  2:12  Supply Depot  
  18  2:14  Barracks Tech Lab, SCV  
  19  2:26  SCV  
  20  2:32  Marine  
  21  2:38  SCV  
  22  2:50  SCV  
  23  2:58  Marine  
  23  3:02  SCV  
  24  3:14  SCV  
  25  3:24  Marauder  
  27  3:50  Marauder  
  29  4:15  Marauder  
  31  4:41  Marine  
  31  4:42  SCV  
  32  7:06  Reaper, SCV  
  34  7:08  Supply Depot  
  34  7:12  Command Center  
  34  7:33  Factory  
  34  7:35  Supply Depot  
  34  7:37  Marine  
  25  7:55  Reaper  
  26  8:19  Starport  
  26  8:24  SCV  
  27  8:27  Marine  
  27  8:28  SCV  
  27  8:33  Refinery  
  29  8:36  Refinery, SCV  
  29  8:40  SCV  
  31  8:45  Marine  
  33  8:48  SCV  
  33  8:52  SCV  
  33  8:55  Starport Tech Lab  
  34  9:00  SCV  
  35  9:03  Marine  
  35  9:05  SCV  
  37  9:12  SCV  
  37  9:13  Raven  
  41  9:17  SCV  
  41  9:21  Marine  
  42  9:24  SCV  
  42  9:29  SCV  
  44  9:39  Marine  
  45  9:56  Raven  
  45  9:57  Marauder  
  48  10:18  Marine  
  49  10:36  Marine  
  50  10:54  Marauder  
  52  11:10  Viking  
  53  11:15  SCV  
  43  11:20  SCV  
  43  11:25  Hellion  
  31  11:27  SCV  
  31  11:32  Command Center, SCV  
  28  11:39  Marauder, SCV  
  29  11:41  Raven  
  29  11:44  SCV  
  23  11:57  Orbital Command  
  22  12:05  Marine  
Tags
 
Add a new tag
Caveats
  • Supply blocks, unpowered buildings, or Contaminate may cause inaccurate times.
  • Supply counts are checked every 10 seconds.